 Dungeon Crawl Stone Soup version 0.31.0-7-gf635a9b802 (webtiles) character file.

Game seed: 12499155278308942978

6455 Esekla the Thaumaturge (level 10, 0/49 HPs)
             Began as a Spriggan Cinder Acolyte on Jan 24, 2024.
             Was a High Priest of Ignis.
             Slain by a manticore (8 damage)
             ... on level 8 of the Dungeon.
             The game lasted 01:22:47 (9051 turns).

Esekla the Thaumaturge (Spriggan Cinder Acolyte)    Turns: 9051, Time: 01:22:48

Health: 0/49       AC: 20    Str: 13    XL:     10   Next: 67%
Magic:  18/27      EV: 19    Int: 17    God:    Ignis [*****.]
Gold:   153        SH:  0    Dex: 11    Spells: 28/34 levels left

rFire   + . .        a - +2 dagger (venom)
rCold   . . .        (no shield)
rNeg    . . .        u - +4 robe of the New World {Rampage Str+3 Int-3 Slay+5}
rPois   .            l - +2 hat
rElec   .            q - +0 cloak
rCorr   .            (gloves unavailable)
SInv    +            (boots unavailable)
Will    +....        e - amulet of regeneration
Stlth   ++           B - +4 ring of protection
HPRegen 1.08/turn    (no ring)
MPRegen 0.20/turn

%: rampage
@: fiery-armoured, very quick
A: very small, no large weapons, unfitting armour, see invisible, speed 3
a: Renounce Religion, Fiery Armour, Foxfire Swarm, Rising Flame


You were on level 8 of the Dungeon.
You worshipped Ignis.
Ignis was extremely pleased with you.
You visited 1 branch of the dungeon, and saw 9 of its levels.
You also visited: Bailey.

You collected 564 gold pieces.
You spent 411 gold pieces at shops.

Inventory:

Hand Weapons
 a - a +2 dagger of venom (weapon)
 b - a +4 war axe
 f - a -1 short sword of flaming
 I - the +7 staff of the Meek {protect, meekguard}
   (You found it on level 6 of the Dungeon)
Missiles
 x - 29 poisoned darts
 E - 25 boomerangs (quivered)
 L - 5 curare-tipped darts
Armour
 l - a +2 hat (worn)
 o - a +2 robe of willpower
 q - a +0 cloak (worn)
 u - the +4 robe of the New World (worn) {Rampage Str+3 Int-3 Slay+5}
   (You found it on level 4 of the Dungeon)

   Str+3:     It affects your strength (+3).
   Int-3:     It affects your intelligence (-3).
   Slay+5:    It affects your accuracy & damage with ranged weapons and melee
   (+5).
   Rampage:   It bestows one free step when moving towards enemies.
Jewellery
 e - an amulet of regeneration (around neck)
 B - a +4 ring of protection (left hand)
Wands
 p - a wand of flame (11)
Scrolls
 g - 2 scrolls of fear {unknown}
 h - 2 scrolls of noise {unknown}
 j - a scroll of brand weapon {unknown}
 k - 3 scrolls of teleportation
 n - a scroll of blinking
 t - a scroll of enchant weapon {unknown}
 v - a scroll of vulnerability {unknown}
 w - 3 scrolls of fog
 y - a scroll of torment {unknown}
 C - a scroll of enchant armour {unknown}
 D - a scroll of amnesia {unknown}
 J - a scroll of revelation {unknown}
 N - a scroll of poison {unknown}
Potions
 c - 2 potions of might
 d - 9 potions of curing {unknown}
 i - 3 potions of enlightenment
 m - 2 potions of brilliance
 r - a potion of mutation
 s - a potion of cancellation
 z - a potion of heal wounds
 F - a potion of attraction
 G - a potion of lignification
 H - a potion of invisibility
 M - a potion of berserk rage


   Skills:
 + Level 3.6 Fighting
 + Level 5.6 Short Blades
 + Level 1.4 Throwing
 * Level 7.8 Dodging
 + Level 4.4 Stealth
 * Level 12.7 Spellcasting
 + Level 6.1 Fire Magic
 * Level 4.8 Air Magic


You had 28 spell levels left.
You knew the following spells:

 Your Spells              Type           Power      Damage    Failure   Level
k - Airstrike             Air            13%        2d(2-18)  9%          4
o - Scorch                Fire           62%        2d7       1%          2

Your spell library contained the following spells:

 Spells                   Type           Power      Damage    Failure   Level
 Static Discharge         Conj/Air       36%        3-5/arc   3%          2
 Summon Lightning Spire   Summ/Air       18%        N/A       24%         4
 Manifold Assault         Tloc           10%        N/A       54%         4
 Dispersal                Tloc           5%         N/A       100%        6
 Disjunction              Tloc           5%         N/A       100%        8


Dungeon Overview and Level Annotations

Branches:
Dungeon (9/15)             Temple (0/1) D:7          Bailey (visited)
   Lair: D:8-11         Orc: D:9-12

Altars:
Elyvilon
Nemelex Xobeh
Vehumet
Xom

Shops:
D:1 [!(*   D:5 *   D:7 *   D:8 *


Innate Abilities, Weirdness & Mutations

You are very small and have problems with some larger weapons.
You are too small for most types of armour.
You have supernaturally acute eyesight. (SInv)
You cover ground extremely quickly. (Speed+++)


Message History

You hit the manticore but do no damage.
The manticore looks as sick as possible!
The manticore is lightly wounded.
Casting: Scorch (safe; 1% risk of failure)
Confirm with . or Enter, or press ? or * to list all spells.
Flames lash the manticore.
The manticore is moderately wounded.
The manticore's fire resistance burns away.
The manticore closely misses you.
The manticore claws you but does no damage.
The manticore is burned by your cloak of flames.
The manticore is moderately wounded.
The manticore closely misses you.
Casting: Scorch (safe; 1% risk of failure)
Confirm with . or Enter, or press ? or * to list all spells.
Flames lash the manticore.
The manticore is burned terribly!
The manticore is moderately wounded.
The manticore bites you!
The manticore is burned terribly!
The manticore is burned by your cloak of flames.
The manticore is heavily wounded.
The manticore misses you. x2
Casting: Scorch (safe; 1% risk of failure)
Confirm with . or Enter, or press ? or * to list all spells.
Flames lash the manticore.
The manticore is burned terribly!
The manticore is almost dead.
You hit the manticore.
The manticore is poisoned.
The manticore is lightly wounded.
The manticore bites you!
The manticore is burned terribly!
The manticore is burned by your cloak of flames.
You kill the manticore!
The manticore bites you but does no damage.
The manticore misses you. The manticore claws you.
You closely miss the manticore.
The manticore is lightly wounded.
The manticore bites you!
* * * LOW HITPOINT WARNING * * *
The manticore is burned by your cloak of flames.
The manticore is moderately wounded.
The manticore claws you!
You die...

###.###..............##.......#.#
# #............###.####.#####.#.#
# #............##.......# #.#.# #
#....).....^.########.# #.#.# #
#.....####...##############.#..
###.##### #...................###
....#######.################### #
............#....H†...(... #
......(.....#...@#(....... #
.....)(.....#....#Y....... #
...))#....#.#....#........ #
###..#....#.#....#.......K #
#.)#....#.#....#........ #
#..#....#.#....#.......D #
#.........#....#.......H #
#.##....###...)#...H.... #
###.##....# #'#### #


You could see a manticore (very poisoned).

Vanquished Creatures
  A two-headed ogre (D:7)
  A cyclops (D:8)
  A manticore (D:8)
  2 hornets
  A wyvern (D:7)
  4 yaks (D:8)
  2 steam dragons
  4 water moccasins
  7 orc warriors
  A sky beast (D:6)
  An ice beast (D:8)
  3 ogres
  2 centaurs
  3 phantoms (D:6)
  6 kobold brigands
  Blork the orc (D:6)
  4 bullfrogs
  A gnoll sergeant (D:4)
  A howler monkey (D:5)
  3 hounds
  3 jellies
  6 orc priests
  2 bombardier beetles
  A sleepcap (D:7)
  2 iguanas
  9 orc wizards
  Robin (D:2)
  5 gnolls
  11 adders
  A shadow imp (D:7)
  2 white imps (D:5)
  2 dart slugs
  2 ribbon worms (D:2)
  34 orcs
  3 ball pythons
  5 endoplasms
  4 giant cockroaches
  19 goblins
  15 hobgoblins
  10 jackals (D:1)
  25 kobolds
  2 quokkas
  4 bats
  2 frilled lizards
  3 rats
222 creatures vanquished.

Notes
Turn   | Place    | Note
-------+----------+-------------------------------------------
     0 | D:1      | Esekla the Spriggan Cinder Acolyte began the quest for the
                  | Orb.
     0 | D:1      | Reached XP level 1. HP: 11/11 MP: 3/3
   106 | D:1      | Found a faded altar of an unknown god.
   352 | D:2      | Reached XP level 2. HP: 14/16 MP: 5/5
   363 | D:2      | Reached skill level 2 in Spellcasting
   457 | D:2      | Reached skill level 1 in Dodging
   466 | D:2      | Reached XP level 3. HP: 19/19 MP: 7/7
   657 | D:2      | Noticed Robin
   779 | D:1      | Found Vitaoj's Antique Armour Boutique.
   797 | D:1      | Found Gesk's Assorted Antiques.
   803 | D:1      | Learned a level 2 spell: Scorch
   808 | D:1      | Reached XP level 4. HP: 20/23 MP: 5/8
   877 | D:1      | Found Lixtocacs's Distillery.
  1047 | D:1      | Found Cothreuh's Weapon Emporium.
  1485 | D:2      | Killed Robin
  1918 | D:3      | Identified the +3 ring mail "Hero's Friend" {rElec Int-5
                  | Slay+6}
  1920 | D:3      | Found a radiant altar of Vehumet.
  1938 | D:3      | Reached XP level 5. HP: 28/28 MP: 1/10
  2076 | D:3      | Reached skill level 1 in Stealth
  2081 | D:3      | Found a sparkling altar of Nemelex Xobeh.
  2140 | D:3      | Reached skill level 3 in Spellcasting
  2791 | D:4      | Noticed an ogre
  2881 | D:4      | Identified the +4 robe of the New World {Rampage Str+3
                  | Int-3 Slay+5}
  2980 | D:4      | Reached XP level 6. HP: 32/32 MP: 2/12
  3160 | D:4      | Reached skill level 4 in Spellcasting
  3435 | D:5      | Entered Level 5 of the Dungeon
  3507 | D:5      | Reached skill level 5 in Spellcasting
  3711 | D:1      | Bought an encrusted robe for 125 gold pieces
  3711 | D:1      | Identified the +0 robe of Red Freedom {Harm rPois rN+
                  | Dex-5} (You bought it in a shop on level 1 of the Dungeon)
  3738 | D:1      | Bought a potion of heal wounds for 50 gold pieces
  3831 | D:3      | Reached XP level 7. HP: 36/36 MP: 15/15
  4018 | D:5      | Reached skill level 6 in Spellcasting
  4031 | D:5      | Reached skill level 1 in Air Magic
  4352 | D:5      | Found a shimmering altar of Xom.
  4355 | D:5      | Found a shimmering altar of Xom.
  4365 | D:5      | Found a shimmering altar of Xom.
  4384 | D:5      | Found a shimmering altar of Xom.
  4385 | D:5      | Found a shimmering altar of Xom.
  4386 | D:5      | Found a shimmering altar of Xom.
  4498 | D:5      | Found Woehioxzui's Lightly-Used Armoury.
  4543 | D:6      | Noticed Blork the orc
  4550 | D:6      | Killed Blork the orc
  4563 | D:6      | Reached skill level 5 in Dodging
  4593 | D:6      | Reached XP level 8. HP: 39/40 MP: 19/19
  4827 | D:6      | Reached skill level 7 in Spellcasting
  5020 | D:6      | Found a white marble altar of Elyvilon.
  5174 | D:1      | Bought a potion of attraction for 30 gold pieces
  5174 | D:1      | Bought a potion of lignification for 30 gold pieces
  5391 | D:6      | Found the +7 staff of the Meek {protect, meekguard}
  5409 | D:6      | Reached skill level 5 in Short Blades
  5409 | D:6      | Reached skill level 8 in Spellcasting
  5666 | D:7      | Found Tarue's Assorted Antiques.
  5740 | D:7      | Found a flagged portal.
  5746 | D:7      | Noticed a two-headed ogre
  5810 | D:7      | Reached XP level 9. HP: 44/44 MP: 8/22
  5812 | Bailey   | Entered a bailey
  6115 | Bailey   | Found a burning altar of Makhleb.
  6136 | Bailey   | Reached skill level 9 in Spellcasting
  6280 | Bailey   | Reached skill level 5 in Fire Magic
  6424 | D:7      | Found a staircase to the Ecumenical Temple.
  6633 | D:1      | Bought a potion of berserk rage for 50 gold pieces
  6633 | D:1      | Bought a potion of brilliance for 40 gold pieces
  6667 | D:1      | Bought a scroll labelled RILEQE AMEDATZ for 30 gold pieces
  6788 | D:7      | Reached skill level 10 in Spellcasting
  6906 | D:7      | Paralysed by a hornet for 2 turns
  7472 | D:7      | Killed a two-headed ogre
  7473 | D:7      | Reached skill level 1 in Throwing
  7473 | D:7      | Reached skill level 11 in Spellcasting
  7473 | D:7      | Reached XP level 10. HP: 49/49 MP: 15/26
  7856 | D:8      | Learned a level 4 spell: Airstrike
  8009 | D:8      | Found Beith's Assorted Antiques.
  8019 | D:8      | Bought a scroll labelled WUXKUS VAARPHIA for 29 gold pieces
  8067 | D:7      | Bought a scroll labelled JUKOECS OFOORCH for 27 gold pieces
  8464 | D:8      | Reached skill level 12 in Spellcasting
  8935 | D:8      | Noticed a cyclops
  8935 | D:8      | Noticed a manticore
  8935 | D:8      | Noticed a manticore
  8957 | D:8      | Killed a cyclops
  9050 | D:8      | Killed a manticore
  9051 | D:8      | Slain by a manticore

Illustrated notes

Levels and vault maps discovered:
D:1:      minmay_arrival_semitransparent, layout_rooms,
          hellmonk_ecumenical_altar_dog_temple, serial_shops, shop,
          nicolae_shop_scrapyard, nicolae_shop_tiny_real_fake_doors,
          nicolae_shop_advertising_works [nicolae_subvault_shop_adworks],
          serial_park_tiny_2, chequers_serial_rivers_large_b
D:2:      layout_basic, minmay_puff, uniq_robin
D:3:      layout_rooms, mainiacjoe_overflow_concentric_impassable,
          vehumet_altar_wand_db
D:4:      layout_rooms, serial_forest, infiniplex_forest_clump_small,
          infiniplex_forest_lined_2, infiniplex_forest_lined_corner,
          infiniplex_forest_end_3, infiniplex_forest_side_room,
          infiniplex_forest_clump_long, infiniplex_forest_lined_4_way,
          minmay_unequal
D:5:      layout_loops_ring, xom_redecorated, minmay_shop_damaged,
          hangedman_glass_teeth, dreamdust_mushroom_princess
D:6:      layout_loops_ring, mainiacjoe_overflow_paths, uniq_blork_the_orc
D:7:      layout_basic, minmay_temple_entry_large_hall, enter_bailey_5,
          serial_shops, nicolae_shop_pleasant_corner_grove
D:8:      minmay_klotski, layout_basic, serial_shops,
          nicolae_shop_window_shopping, feat_on_display
D:9:      minmay_the_grid_triangle_9x9_rhombus_thin_mashed
          [minmay_the_grid_triangle_9x9_checkered,
          minmay_the_grid_triangle_9x9_prize_special,
          minmay_the_grid_triangle_9x9_fully_insulated_deathbox,
          minmay_the_grid_triangle_9x9_swiss_cheese], layout_long_grid,
          mainiacjoe_overflow_cross_hatched, nicolae_wu_jian_wuxing_cycle,
          mainiacjoe_overflow_swirl, ploomutoo_gammafunk_ghost_potion_laboratory

Skill      XL: |  1  2  3  4  5  6  7  8  9 10 |
---------------+-------------------------------+-----
Spellcasting   | 2 3 5 6 8 11 12 | 12.7
Dodging        | 1 2 4 5 6 7 |  7.8
Short Blades   | 4 5 |  5.6
Stealth        | 1 2 3 4 |  4.4
Fire Magic     | 3 4 5 6 |  6.1
Fighting       | 3 |  3.6
Air Magic      | 1 2 4 |  4.8
Throwing       | 1 |  1.4

Action                     |  1- 3 |  4- 6 |  7- 9 | 10-12 || total
---------------------------+-------+-------+-------+-------++-------
  Melee: Short sword       |   116 |       |       |       ||   116
         Dagger            |     3 |   114 |   209 |    62 ||   388
         Punch             |       |       |     2 |       ||     2
  Throw: Dart              |       |     2 |    16 |     6 ||    24
         Boomerang         |       |       |     3 |     2 ||     5
   Cast: Scorch            |     1 |    69 |   115 |    44 ||   229
 Invoke: Fiery Armour      |     1 |       |       |     1 ||     2
    Use: Scroll            |       |       |     7 |     2 ||     9
         Potion            |       |       |       |     1 ||     1
   Stab: Sleeping          |       |     1 |     4 |     2 ||     7
         Distracted        |       |     1 |       |       ||     1
 Armour: Robe              |    48 |    39 |    77 |    24 ||   188
  Dodge: Dodged            |    98 |    91 |   152 |    51 ||   392
